 Dungeon Crawl Stone Soup version 0.30-a0-137-gd8773701ce (webtiles) character file.

Game seed: 10090449948107778247

145 bande the Chopper (level 5, -24/47 HPs)
             Began as a Hill Orc Fighter on Sept 21, 2022.
             Annihilated by an ogre
             ... wielding a +0 giant spiked club
              (35 damage)
             ... on level 3 of the Dungeon.
             The game lasted 00:03:51 (2451 turns).

bande the Chopper (Hill Orc Fighter)                Turns: 2451, Time: 00:03:51

Health: -24/47     AC:  7    Str: 19    XL:     5   Next: 27%
Magic:  5/5        EV:  9    Int:  8    God:
Gold:   99         SH:  4    Dex: 12    Spells: 4/4 levels left

rFire   + . .      SeeInvis .    a - +0 war axe
rCold   . . .      Faith    .    c - +0 buckler
rNeg    . . .      Spirit   .    b - +0 scale mail
rPois   .          Reflect  .    (no helmet)
rElec   .          Harm     .    (no cloak)
rCorr   .          Rampage  .    (no gloves)
Will    .....                    (no boots)
Stlth   ..........               (no amulet)
HPRegen 0.15/turn                l - ring of protection from fire
MPRegen 0.09/turn                (no ring)

@: no status effects
A: no striking features
a: no special abilities


You were on level 3 of the Dungeon.
You visited 1 branch of the dungeon, and saw 4 of its levels.

You collected 99 gold pieces.

Inventory:

Hand Weapons
 a - a +0 war axe (weapon)
 r - the +6 flail of Zesaf {vamp, *Slow Str+4}
   (You found it on level 3 of the Dungeon)

   It occasionally heals its wielder for a portion of the damage dealt when it
   wounds a living foe.
   Str:       It affects your strength (+4).
   *Slow:     It may slow you when you take damage.
Armour
 b - a +0 scale mail (worn)
 c - a +0 buckler (worn)
Jewellery
 l - a ring of protection from fire (left hand)
Wands
 p - a wand of flame (33)
Scrolls
 e - 2 scrolls of amnesia {unknown}
 f - 3 scrolls of identify {unknown}
 g - a scroll of magic mapping {unknown}
 j - a scroll of enchant weapon {unknown}
 k - 2 scrolls of poison {unknown}
 o - a scroll of blinking {unknown}
 s - 2 scrolls of teleportation {unknown}
Potions
 d - a potion of might
 h - 2 potions of curing {unknown}
 i - a potion of brilliance {unknown}
 m - a potion of heal wounds {unknown}
 n - 2 potions of invisibility {unknown}
 q - a potion of lignification {unknown}


   Skills:
 + Level 4.3 Fighting
 + Level 5.0 Axes
 + Level 4.1 Armour
 + Level 3.7 Shields
 * Level 1.0 Evocations


You had 4 spell levels left.
You didn't know any spells.
Your spell library was empty.

Dungeon Overview and Level Annotations

Branches:
Dungeon (4/15)             Temple (0/1) D:4

Altars:
Cheibriados
Okawaru

Annotations:
D:3 2 transporters, Lance11888's ghost, amateur NaEE


Message History

A goblin comes into view. It is wielding a +0 club.
The goblin shouts!
A goblin is nearby!
You see here a scroll labelled IGILIA MUSU.
The goblin hits you but does no damage.
You see here 4 stones.
You slash the goblin!
You kill the goblin!
Your Axes skill increases to level 5!
No target in view!
No target in view!
No target in view!
No target in view!
s - 2 scrolls labelled IGILIA MUSU (gained 1)
You now have 99 gold pieces (gained 5).
Found a mace.
Found a leather armour.
Found a stone staircase leading up.
No target in view!
An ogre comes into view. It is wielding a +0 giant spiked club.
The ogre shouts!
You hear an angry hiss.
An ogre is nearby!
An adder comes into view.
You see here a +0 leather armour.
You see here 14 gold pieces.
There is a stone staircase leading up here.
The ogre hits you with a +0 giant spiked club!!
You climb upwards.
Level annotation: 2 transporters, Lance11888's ghost, amateur NaEE
There is a stone staircase leading down here.
You slash the ogre!
The ogre is moderately wounded.
The ogre hits you with a +0 giant spiked club!
* * * LOW HITPOINT WARNING * * *
You hit the ogre but do no damage.
The ogre is moderately wounded.
You hit the ogre.
The ogre is moderately wounded.
The ogre hits you with a +0 giant spiked club!!
Ouch! That really hurt!
You die...

#.# #.# #.#
#.# ######.#
#<# #..(...#
#.# #.######
#.# #.# #.#
##.# #.#
...#
##########.#
####
#.......O@.#
#.##########
#.# #.# #.#
#.# #.# #.#
#.#


You could see an ogre.

Vanquished Creatures
  Terence (D:2)
  3 adders (D:2)
  4 dart slugs
  7 orcs (D:3)
  7 ball pythons
  4 bats
  8 endoplasms
  3 giant cockroaches
  6 goblins
  4 hobgoblins
  2 jackals (D:1)
  7 kobolds
  4 quokkas
  5 frilled lizards
  9 rats
74 creatures vanquished.

Notes
Turn   | Place    | Note
-------+----------+-------------------------------------------
     0 | D:1      | bande the Hill Orc Fighter began the quest for the Orb.
     0 | D:1      | Reached XP level 1. HP: 19/19 MP: 1/1
   245 | D:1      | Reached XP level 2. HP: 26/27 MP: 2/2
   300 | D:1      | Reached skill level 3 in Axes
   473 | D:1      | Reached XP level 3. HP: 33/33 MP: 3/3
   479 | D:1      | Found a faded altar of an unknown god.
   925 | D:2      | Reached skill level 4 in Axes
   925 | D:2      | Reached XP level 4. HP: 38/40 MP: 4/4
  1355 | D:2      | Noticed Terence
  1364 | D:2      | Killed Terence
  1610 | D:3      | Found an iron altar of Okawaru.
  1673 | D:3      | Reached XP level 5. HP: 44/44 MP: 5/5
  1692 | D:3      | Found a snail-covered altar of Cheibriados.
  1819 | D:3      | Reached skill level 1 in Evocations
  1880 | D:3      | Found a transporter.
  1884 | D:3      | Noticed Lance11888's ghost (amateur NaEE)
  1891 | D:3      | Found a transporter.
  1905 | D:3      | Identified the +6 flail of Zesaf {vamp, *Slow Str+4}
  2406 | D:4      | Found a staircase to the Ecumenical Temple.
  2425 | D:4      | Reached skill level 5 in Axes
  2439 | D:4      | Noticed an ogre
  2451 | D:3      | Annihilated by an ogre

Illustrated notes

Levels and vault maps discovered:
D:1:      ebering_trefoil_3fold, layout_loops_cross,
          chequers_ecumenical_altar_simple_redux, hex_large
D:2:      layout_basic, uniq_terence
D:3:      cheibrodos_helix_gallery, layout_loops_ring, lemuel_crystal_altar,
          overflow_temple_1_default, gammafunk_ghost_arena,
          corexii_item_surrounded_by_moat
D:4:      layout_basic, lemuel_coloured_pillars_altar, minmay_temple_entry_glass

Skill      XL: |  1  2  3  4  5 |
---------------+----------------+-----
Axes           | 3 4 5 |  5.0
Fighting       | 4 |  4.3
Armour         | 4 |  4.1
Evocations     | 1 |  1.0
Shields        | |  3.7

Action                   |  1- 3 |  4- 6 || total
-------------------------+-------+-------++-------
Melee: War axe           |    84 |    96 ||   180
Armor: Scale mail        |    53 |    35 ||    88
Dodge: Dodged            |    37 |    36 ||    73
Block: Buckler           |    15 |    18 ||    33

Table legend: (Time is in decaauts)
 A = Elapsed time spent in this place.
 B = Non-inter-level travel time spent in this place.
 C = Inter-level travel time spent in this place.
 D = Time resting spent in this place.
 E = Time spent auto-exploring this place.
 F = Levels seen in this place.
 G = Mean time per level.
                   A        B        C        D        E       F      G
               +--------+--------+--------+--------+--------+-----+--------+
         Total |   2512 |   2400 |    112 |      0 |   1880 |   4 |  628.0 |
       Dungeon |   2512 |   2400 |    112 |      0 |   1880 |   4 |  628.0 |
               +--------+--------+--------+--------+--------+-----+--------+

Top non-repeatable levels by time:
     D:1: 917 daAuts
     D:3: 762 daAuts
     D:2: 736 daAuts
     D:4: 96 daAuts
